 Dungeon Crawl Stone Soup version 0.28-a0-1382-g92835e5c71 (webtiles) character file.

Game seed: 2993910842292683052

4715 swappor the Cleaver (level 10, -3/90 HPs)
             Began as a Minotaur Berserker on Jan 1, 2022.
             Was a Priest of Trog.
             Killed from afar by an electric eel (9 damage)
             ... with a bolt of electricity
             ... on level 8 of the Dungeon.
             The game lasted 00:23:17 (9626 turns).

swappor the Cleaver (Minotaur Berserker)            Turns: 9626, Time: 00:23:18

Health: -3/90      AC: 18    Str: 21    XL:     10   Next: 22%
Magic:  9/9        EV:  9    Int:  8    God:    Trog [***...]
Gold:   350        SH:  5    Dex: 11    Spells: 9/9 levels left

rFire   . . .      SeeInvis .   a - +4 war axe
rCold   . . .      Faith    .   (no shield)
rNeg    . . .      Spirit   .   k - +1 plate armour
rPois   +          Reflect  +   (helmet restricted)
rElec   .          Harm     .   g - +0 cloak
rCorr   .          Rampage  .   (no gloves)
Will    .....                   y - +1 pair of boots
Stlth   ..........              t - amulet of reflection
HPRegen 0.25/turn               x - ring of poison resistance {rPois, !d}
MPRegen 0.11/turn               (no ring)

@: no status effects
A: horns 2, retaliatory headbutt
a: Renounce Religion, Berserk, Trog's Hand


You were on level 8 of the Dungeon.
You worshipped Trog.
Trog was most pleased with you.
You visited 1 branch of the dungeon, and saw 8 of its levels.

You collected 350 gold pieces.

Inventory:

Hand Weapons
 a - a +4 war axe (weapon)
   (You took it off a wight on level 6 of the Dungeon)
 b - a +3 morningstar
   (You took it off a wight on level 7 of the Dungeon)
Missiles
 l - a curare-tipped dart
 s - 33 stones
 v - 3 throwing nets (quivered) {!d}
Armour
 g - a +0 cloak (worn)
   (You found it on level 1 of the Dungeon)
 k - a +1 plate armour (worn)
   (You found it on level 2 of the Dungeon)
 y - a +1 pair of boots (worn)
   (You found it on level 5 of the Dungeon)
Jewellery
 c - a ring of ice {rC+, rF-}
   (You found it on level 1 of the Dungeon)
 t - an amulet of reflection (around neck)
   (You took it off a kobold brigand on level 5 of the Dungeon)
 x - a ring of poison resistance (left hand) {rPois, !d}
   (You found it on level 5 of the Dungeon)
Wands
 h - a wand of acid (4)
   (You found it on level 6 of the Dungeon)
 p - a wand of paralysis (6)
   (You found it on level 3 of the Dungeon)
Scrolls
 d - 3 scrolls of identify {@r1}
 e - 5 scrolls of fog
 f - a scroll of vulnerability {unknown}
 m - a scroll of magic mapping {unknown}
 o - a scroll of amnesia {unknown}
 w - a scroll of acquirement {unknown}
 E - 5 scrolls of fear
 K - 2 scrolls of immolation {!r}
 Y - 3 scrolls of teleportation {@r3}
Potions
 n - a potion of cancellation {unknown}
 I - 3 potions of invisibility
 J - 7 potions of curing {@q1}
 P - a potion of lignification {!q}
 T - a potion of berserk rage {!q}


   Skills:
 + Level 8.9 Fighting
 * Level 11.9 Axes
 + Level 8.4 Armour
 + Level 7.6 Dodging


You had 9 spell levels left.
You didn't know any spells.
Your spell library was empty.

Dungeon Overview and Level Annotations

Branches:
Dungeon (8/15)             Temple (0/1) D:4            Lair (0/6) D:8

Altars:
Ashenzari
Makhleb
Nemelex Xobeh
Qazlal
Ru
The Shining One

Annotations:
D:8 exclusion: ice statue


Innate Abilities, Weirdness & Mutations

You have a pair of horns on your head.
You reflexively headbutt those who attack you in melee.


Message History

The bolt of electricity hits you!
You take 10 damage, and have 80/90 hp.
The electric eel shoots out a bolt of lightning at you!
The bolt of electricity hits you!
The electric eel shoots out a bolt of lightning at you!
The bolt of electricity hits you.
You take 13 damage, and have 67/90 hp.
You slice the electric eel!!
You kill the electric eel!
Trog accepts your kill.
A red film seems to cover your vision as you go berserk!
You feel yourself moving faster!
You feel mighty! You block the troll's attack. x2
The troll misses you.
You now have 104/135 hp.
You barely miss the troll. Your headbutt misses the troll.
You block the troll's attack. The troll claws you but does no damage.
The troll barely misses you.
Your unstable footing causes you to fumble your attack.
You slash the troll! The troll closely misses you. The troll barely misses you.
The troll claws you.
You take 4 damage, and have 100/135 hp.
You hit the troll.
Your unstable footing causes you to fumble your attack.
The troll bites you but does no damage. The troll claws you.
You block the troll's attack.
You take 5 damage, and have 95/135 hp.
You slice the troll!!
Your unstable footing causes you to fumble your attack.
The troll bites you!
The troll claws you but does no damage. x2
You take 8 damage, and have 87/135 hp.
You slash the troll!
You kill the troll!
Trog accepts your kill.
You feel a strong urge to attack something.
You feel your anger nearly subside.
You are no longer berserk.
You are exhausted.
You feel yourself slow down.
You now have 59/90 hp.
There is a stone staircase leading up here.
You start resting.
A gnoll comes into view. It is wielding a +0 club.
You regained 8 hp, and now have 68/90 hp.
You feel yourself speed up.
The gnoll shouts!
You slash the gnoll! Your headbutt misses the gnoll.
The gnoll hits you with a +0 club.
You take 1 damage, and have 68/90 hp.
You hit the gnoll but do no damage.
An electric eel comes into view.
The gnoll hits you but does no damage.
You slice the gnoll!!
You kill the gnoll!
Trog accepts your kill.
The electric eel shoots out a bolt of lightning at you!
The bolt of electricity misses you.
Things that are here:
a +0 club; a gnoll corpse An electric eel comes into view.
The electric eel shoots out a bolt of lightning at you!
The bolt of electricity hits you.
The electric eel shoots out a bolt of lightning at you!
The bolt of electricity hits you.
The electric eel shoots out a bolt of lightning at you!
The bolt of electricity hits you!
The electric eel shoots out a bolt of lightning at you!
The bolt of electricity misses you.
You take 17 damage, and have 51/90 hp.
The electric eel shoots out a bolt of lightning at you!
The bolt of electricity hits you.
The electric eel shoots out a bolt of lightning at you!
The bolt of electricity hits you!
You take 14 damage, and have 37/90 hp.
You hit the electric eel.
You recover from your berserk rage.
The electric eel shoots out a bolt of lightning at you!
The bolt of electricity hits you!
* * * LOW HITPOINT WARNING * * *
The electric eel shoots out a bolt of lightning at you!
The bolt of electricity hits you.
* * * LOW HITPOINT WARNING * * *
You take 15 damage, and have 22/90 hp.
The electric eel shoots out a bolt of lightning at you!
The bolt of electricity hits you.
* * * LOW HITPOINT WARNING * * *
The electric eel shoots out a bolt of lightning at you!
The bolt of electricity hits you.
* * * LOW HITPOINT WARNING * * *
The electric eel shoots out a bolt of lightning at you!
The bolt of electricity hits you.
* * * LOW HITPOINT WARNING * * *
You take 12 damage, and have 10/90 hp.
The electric eel shoots out a bolt of lightning at you!
The bolt of electricity misses you.
The electric eel shoots out a bolt of lightning at you!
The bolt of electricity hits you.
* * * LOW HITPOINT WARNING * * *
You take 5 damage, and have 5/90 hp.
The electric eel shoots out a bolt of lightning at you!
The bolt of electricity hits you!
You die...

≈.>..≈≈≈≈≈...######
....≈≈≈≈≈≈...##...##
.≈.≈.≈≈≈≈≈.........#
≈≈≈≈≈≈≈≈≈≈.........#
≈≈≈≈≈≈≈≈.S.........# ≈
≈.≈≈≈≈≈.S........[.# .
.≈≈.≈≈≈≈.........<.#
.≈.≈.≈...............#
...≈.≈..........@<...#
...............##....#
#....#....##...##....#
.....................#
.....................#
.....................#
# ..#...##.........#
####'.#...##.........#
#.........#..........#


You could see 2 electric eels.

Vanquished Creatures
  A troll (D:8)
  Grinder (D:3)
  3 steam dragons
  2 water moccasins
  3 orc warriors
  3 ice beasts
  2 black bears
  2 wolves (D:8)
  A centaur (D:8)
  An ogre (D:5)
  A phantom (D:5)
  3 kobold brigands
  3 bullfrogs
  A gnoll sergeant (D:7)
  4 scorpions
  18 wights
  A howler monkey (D:3)
  An electric eel (D:8)
  A centaur zombie (D:8)
  3 gnoll shamans
  6 hounds
  A bullfrog zombie (D:5)
  An orc priest (D:3)
  A jelly (D:7)
  3 iguanas
  6 orc wizards
  2 killer bee zombies
  23 gnolls
  10 adders
  A howler monkey skeleton (D:7)
  A shadow imp (D:7)
  A white imp (D:7)
  An ufetubus (D:6)
  2 dart slugs
  19 orcs
  5 endoplasms
  8 goblins
  7 hobgoblins
  4 jackals (D:1)
  2 quokkas (D:1)
  7 ball pythons
  2 bats (D:1)
  A frilled lizard (D:1)
  12 kobolds
  3 rats
184 creatures vanquished.

Vanquished Creatures (others)
  A quokka (D:3)
  A ball python (D:4)
2 creatures vanquished.

Grand Total: 186 creatures vanquished

Notes
Turn   | Place    | Note
-------+----------+-------------------------------------------
     0 | D:1      | swappor the Minotaur Berserker began the quest for the Orb.
     0 | D:1      | Reached XP level 1. HP: 19/19 MP: 0/0
   192 | D:1      | Found a faded altar of an unknown god.
   286 | D:1      | Reached XP level 2. HP: 27/27 MP: 1/1
   291 | D:1      | Reached skill level 4 in Axes
   851 | D:2      | Reached skill level 4 in Fighting
   893 | D:2      | Reached XP level 3. HP: 30/33 MP: 2/2
   960 | D:2      | Reached skill level 3 in Armour
  1152 | D:2      | You fall into a shaft and drop 1 floor!
  1171 | D:3      | Reached ** piety under Trog
  1213 | D:3      | Noticed Grinder
  1499 | D:2      | Reached XP level 4. HP: 32/40 MP: 3/3
  1876 | D:3      | Paralysed by Grinder for 7 turns
  1970 | D:3      | Paralysed by Grinder for 5 turns
  1982 | D:3      | Killed Grinder
  1983 | D:3      | Reached skill level 5 in Axes
  1983 | D:3      | Reached skill level 4 in Armour
  1983 | D:3      | Reached skill level 3 in Dodging
  1983 | D:3      | Reached XP level 5. HP: 34/47 MP: 4/4
  1983 | D:3      | Reached XP level 6. HP: 40/55 MP: 5/5
  2599 | D:3      | Reached skill level 5 in Fighting
  2599 | D:3      | Reached skill level 6 in Axes
  2752 | D:3      | Found a sacrificial altar of Ru.
  3027 | D:4      | Reached skill level 4 in Dodging
  3159 | D:4      | Noticed a steam dragon
  3178 | D:4      | Killed a steam dragon
  3179 | D:4      | Reached XP level 7. HP: 61/61 MP: 6/6
  3364 | D:4      | Found a staircase to the Ecumenical Temple.
  3405 | D:4      | Reached skill level 7 in Axes
  3617 | D:4      | HP: 19/93 [orc warrior (6)]
  3623 | D:4      | Reached skill level 5 in Armour
  4173 | D:4      | Reached skill level 6 in Fighting
  4479 | D:5      | Entered Level 5 of the Dungeon
  4508 | D:5      | Found a stormy altar of Qazlal.
  4591 | D:5      | Reached XP level 8. HP: 62/70 MP: 7/7
  4592 | D:5      | Reached skill level 5 in Dodging
  4820 | D:5      | Reached skill level 8 in Axes
  5040 | D:5      | Found a broken altar of Ashenzari.
  5155 | D:5      | Found a burning altar of Makhleb.
  5554 | D:6      | Reached skill level 6 in Armour
  5762 | D:6      | Found a glowing golden altar of the Shining One.
  6066 | D:6      | Reached skill level 9 in Axes
  6242 | D:6      | Reached skill level 7 in Fighting
  6420 | D:6      | Reached skill level 6 in Dodging
  6540 | D:6      | Found a sparkling altar of Nemelex Xobeh.
  6591 | D:6      | Reached XP level 9. HP: 79/79 MP: 8/8
  7082 | D:6      | Reached skill level 10 in Axes
  7127 | D:6      | Reached skill level 7 in Armour
  8112 | D:7      | Reached skill level 8 in Fighting
  8500 | D:7      | Reached *** piety under Trog
  8501 | D:7      | Reached skill level 7 in Dodging
  8769 | D:8      | Reached skill level 11 in Axes
  8910 | D:8      | Reached skill level 8 in Armour
  8957 | D:8      | Reached XP level 10. HP: 76/90 MP: 9/9
  9360 | D:8      | Noticed an ice statue
  9554 | D:8      | Found a staircase to the Lair.
  9622 | D:8      | HP: 22/90 [electric eel/bolt of electricity (4)]
  9624 | D:8      | HP: 10/90 [electric eel/bolt of electricity (5)]
  9626 | D:8      | Killed from afar by an electric eel

Illustrated notes

Levels and vault maps discovered:
D:1:      enne_arrival_octagon_isle, layout_loops_ring,
          chequers_ecumenical_altar_island,
          nicolae_concentric_dashed_squares_wild, wad_floor_pattern_untrapped
D:2:      layout_loops_ring, minmay_tromino_v4_b
D:3:      layout_loops_ring, lemuel_doored_altar, kennysheep_cluttered_room,
          saegor_snake_ambush, uniq_grinder
D:4:      layout_basic, minmay_temple_entry_butterflies, grunt_decor_cap
D:5:      layout_basic, mainiacjoe_overflow_catwalk_spiral,
          nicolae_qazlal_general_emergency
D:6:      layout_loops_corners, tso_metal_star,
          nemelex_xobeh_ov_fountains_minmay
D:7:      layout_basic
D:8:      cheibrodos_frozen_isle, layout_gridville, erik_lair_island

Skill      XL: |  1  2  3  4  5  6  7  8  9 |
---------------+----------------------------+-----
Axes           | 4 5 6 7 9 11 | 11.9
Fighting       | 4 5 6 7 8 |  8.9
Armour         | 3 4 5 6 8 |  8.4
Dodging        | 3 4 6 7 |  7.6

Action                   |  1- 3 |  4- 6 |  7- 9 | 10-12 || total
-------------------------+-------+-------+-------+-------++-------
Melee: Hand axe          |    75 |    86 |   183 |       ||   344
       Headbutt          |    10 |    15 |    57 |     5 ||    87
       War axe           |       |       |   167 |    47 ||   214
Invok: Berserk           |       |     2 |    14 |     2 ||    18
  Use: Scroll            |       |     1 |    13 |       ||    14
Armor: Animal skin       |     2 |       |       |       ||     2
       Leather armour    |    12 |     1 |       |       ||    13
       Plate armour      |       |    56 |   150 |    27 ||   233
Dodge: Dodged            |    34 |    36 |   116 |    15 ||   201
Block: Other             |       |       |    40 |     9 ||    49
       Reflection        |       |       |     1 |       ||     1

Table legend: (Time is in decaauts)
 A = Elapsed time spent in this place.
 B = Non-inter-level travel time spent in this place.
 C = Inter-level travel time spent in this place.
 D = Time resting spent in this place.
 E = Time spent auto-exploring this place.
 F = Levels seen in this place.
 G = Mean time per level.
                   A        B        C        D        E       F      G
               +--------+--------+--------+--------+--------+-----+--------+
         Total |   9821 |   9452 |    369 |   1515 |   5731 |   8 | 1227.6 |
       Dungeon |   9821 |   9452 |    369 |   1515 |   5731 |   8 | 1227.6 |
               +--------+--------+--------+--------+--------+-----+--------+

Top non-repeatable levels by time:
     D:7: 1848 daAuts
     D:6: 1724 daAuts
     D:4: 1392 daAuts
     D:2: 1192 daAuts
     D:3: 1181 daAuts
     D:5: 1052 daAuts
     D:1: 767 daAuts
     D:8: 662 daAuts

Table legend:
 A = Kills in this place as a percentage of kills in entire the game.
 B = Kills by you in this place as a percentage of kills by you in the entire game.
 C = Kills by friends in this place as a percentage of kills by friends in the entire game.
 D = Other kills in this place as a percentage of other kills in the entire game.
 E = Experience gained in this place as a percentage of experience gained in the entire game.
 F = Experience gained in this place divided by the number of levels of this place that you have seen.
                   A       B       C       D       E      F
               +-------+-------+-------+-------+-------+----------------------
         Total | 100.0 | 100.0 |   N/A | 100.0 | 100.0 | 842.1
       Dungeon | 100.0 | 100.0 |   N/A | 100.0 | 100.0 | 842.1
               +-------+-------+-------+-------+-------+----------------------
